 Dungeon Sprint DCSS version 0.29-a0-824-gd827844252 (webtiles) character file.

Game seed: 13822262601185260444

1239 Ayihk420 the Cleaver (level 8, -1/88 HPs)
             Began as a Minotaur Berserker on July 9, 2022.
             Was a Priest of Trog.
             Shot with an arrow by a centaur warrior (33 damage)
             ... in the Dungeon (Sprint I: "Red Sonja").
             The game lasted 00:02:01 (734 turns).

Ayihk420 the Cleaver (Minotaur Berserker)            Turns: 734, Time: 00:02:02

Health: -1/88      AC:  4    Str: 21    XL:     8   Next: 25%
Magic:  7/7        EV: 14    Int:  4    God:    Trog [***...]
Gold:   405        SH:  0    Dex: 13    Spells: 7/7 levels left

rFire   . . .      SeeInvis .   a - +0 hand axe
rCold   . . .      Faith    .   (no shield)
rNeg    . . .      Spirit   .   j - +0 leather armour
rPois   .          Reflect  .   (helmet restricted)
rElec   .          Harm     .   (no cloak)
rCorr   .          Rampage  .   (no gloves)
Will    .....      NoTele   +   (no boots)
Stlth   +.........              (no amulet)
HPRegen 0.24/turn               (no ring)
MPRegen 0.10/turn               (no ring)

@: on berserk cooldown, slowed, very slow
A: horns 2, retaliatory headbutt
a: Renounce Religion, Berserk, Trog's Hand


You were in the Dungeon.
You worshipped Trog.
Trog was most pleased with you.
You visited 1 branch You collected 405 gold pieces.

Inventory:

Hand Weapons
 a - a +0 hand axe (weapon)
Armour
 b - a +0 animal skin
 j - a +0 leather armour (worn)
Wands
 i - a wand of flame (20)
Potions
 c - a potion of curing
 d - 2 potions of heal wounds
 e - a potion of haste
 f - 2 potions of magic
 g - a potion of berserk rage


   Skills:
 + Level 13.7 Fighting
 + Level 14.2 Axes
 + Level 8.2 Armour
 + Level 6.5 Dodging


You had 7 spell levels left.
You didn't know any spells.
Your spell library was empty.

Dungeon Overview and Level Annotations

Branches:
Dungeon (1/1)

Altars:
Cheibriados
Dithmenos
Elyvilon
Fedhas
Gozag
Hepliaklqana
Kikubaaqudgha
Makhleb
Nemelex Xobeh
Okawaru
Qazlal
Ru
Sif Muna
Trog
Uskayaw
Vehumet
Wu Jian
Xom
Yredelemnul
Zin
The Shining One
Jiyva
Lugonu

Shops:
D *


Innate Abilities, Weirdness & Mutations

You have a pair of horns on your head.
You reflexively headbutt those who attack you in melee.


Message History

Things that are here:
a +0 dagger; a +0 robe
Things that are here:
a +0 dagger; a +0 robe; a kobold corpse
Things that are here:
a +0 dagger; a +0 robe
There is an open door here.
There is an open door here.
There is an open door here.
There is an open door here.
You see here a +0 hand axe.
Okay, then.
You start waiting.
You recover from your berserk rage.
A red film seems to cover your vision as you go berserk!
You feel yourself moving faster!
You feel mighty!
The door flies open with a bang!
You feel a strong urge to attack something.
You hear a shout! x2
A centaur warrior comes into view. x2
Found 12 gold pieces.
There is an open door here.
You enter the shallow water.
Moving in this stuff is going to be slow.
You feel your anger nearly subside.
You are no longer berserk.
You are exhausted.
You feel yourself slow down.
The centaur warrior wields a +0 shortbow.
The centaur warrior shoots an arrow.
The arrow closely misses you.
The centaur warrior wields a +0 longbow.
The centaur warrior shoots an arrow.
The arrow hits you!!
Blink to where?
Press: ? - help, Q - select action, (/) - cycle Dir - move target
As you read the scroll of blinking, it crumbles to dust.
Clearing monster memory.
The centaur warrior shoots an arrow.
The arrow hits you!
The centaur warrior shoots an arrow.
The arrow misses you.
The centaur warrior shoots an arrow.
The arrow hits you!!
The centaur warrior shoots an arrow.
The arrow hits you!!
You die...

##########################
#<.#..').#.)'..#__#..'...#
#..)..#..'..#..'..'..#)).#
#..#####'#####@#__####...+
#..####..#...#.####$?#####
#..#__####..##)#≈≈≈.
#..#_____##'#_§c§≈≈
#⌠⌠#_.∩...'..§_#c≈≈..#
####_..__##_.#+##+####
#_____###+# #######


You could see a centaur warrior.

Vanquished Creatures
  2 kobold demonologists (D)
  A slime creature (D)
  Sigmund (D)
  A yak (D)
  A floating eye (D)
  An ogre (D)
  A jelly (D)
  Ijyb (D)
9 creatures vanquished.

Notes
Turn   | Place    | Note
-------+----------+-------------------------------------------
     0 | D        | Ayihk420 the Minotaur Berserker began the quest for the
                  | Orb.
     0 | D        | Reached XP level 1. HP: 19/19 MP: 0/0
     1 | D        | Noticed Ijyb
     9 | D        | Killed Ijyb
    10 | D        | Reached skill level 5 in Fighting
    10 | D        | Reached skill level 5 in Axes
    10 | D        | Reached XP level 2. HP: 29/29 MP: 1/1
    62 | D        | Noticed an ogre
    66 | D        | Killed an ogre
    67 | D        | Reached skill level 8 in Axes
    67 | D        | Reached XP level 3. HP: 25/40 MP: 2/2
    67 | D        | Reached XP level 4. HP: 31/48 MP: 3/3
   276 | D        | Noticed Sigmund
   280 | D        | Killed Sigmund
   280 | D        | Reached ** piety under Trog
   281 | D        | Reached skill level 10 in Axes
   281 | D        | Reached skill level 5 in Armour
   281 | D        | Reached XP level 5. HP: 58/58 MP: 4/4
   281 | D        | Reached XP level 6. HP: 66/66 MP: 5/5
   326 | D        | Found an ornate altar of the Wu Jian Council.
   326 | D        | Found a shimmering blue altar of Sif Muna.
   328 | D        | Found a radiant altar of Vehumet.
   332 | D        | Reached skill level 10 in Fighting
   454 | D        | Found Dywkyf's General Store.
   454 | D        | Found an ancient bone altar of Kikubaaqudgha.
   454 | D        | Found a hazy altar of Hepliaklqana.
   454 | D        | Found a stormy altar of Qazlal.
   454 | D        | Found a hide-covered altar of Uskayaw.
   454 | D        | Found a blossoming altar of Fedhas.
   454 | D        | Found a bloodstained altar of Trog.
   454 | D        | Found an iron altar of Okawaru.
   454 | D        | Found a basalt altar of Yredelemnul.
   454 | D        | Found a glowing golden altar of the Shining One.
   454 | D        | Found a snail-covered altar of Cheibriados.
   454 | D        | Found a sacrificial altar of Ru.
   454 | D        | Found a glowing silver altar of Zin.
   454 | D        | Found a shadowy altar of Dithmenos.
   454 | D        | Found a white marble altar of Elyvilon.
   454 | D        | Noticed a yak
   462 | D        | Killed a yak
   463 | D        | Reached skill level 11 in Axes
   463 | D        | Reached skill level 5 in Dodging
   492 | D        | Found an opulent altar of Gozag.
   493 | D        | Found a sparkling altar of Nemelex Xobeh.
   510 | D        | Found a burning altar of Makhleb.
   510 | D        | Found a viscous altar of Jiyva.
   510 | D        | Found a shimmering altar of Xom.
   510 | D        | Found a corrupted altar of Lugonu.
   510 | D        | Noticed a slime creature
   517 | D        | Killed a slime creature
   518 | D        | Reached skill level 12 in Axes
   518 | D        | Reached XP level 7. HP: 77/77 MP: 6/6
   673 | D        | Noticed a kobold demonologist
   674 | D        | Noticed a kobold demonologist
   679 | D        | Killed a kobold demonologist
   679 | D        | Reached *** piety under Trog
   680 | D        | Reached skill level 13 in Axes
   683 | D        | Killed a kobold demonologist
   684 | D        | Reached skill level 14 in Axes
   684 | D        | Reached XP level 8. HP: 86/88 MP: 7/7
   729 | D        | Noticed a centaur warrior
   729 | D        | Noticed a centaur warrior
   734 | D        | Shot with an arrow by a centaur warrior

Illustrated notes

Levels and vault maps discovered:
D:        dungeon_sprint_1 [red_sonja_temple_1, red_sonja_temple_small_1]

Skill      XL: |  1  2  3  4  5  6  7 |
---------------+----------------------+-----
Fighting       | 5 7 9 12 13 | 13.7
Axes           | 5 8 10 12 14 | 14.2
Armour         | 3 4 5 7 8 |  8.2
Dodging        | 3 4 5 6 |  6.5

Action                   |  1- 3 |  4- 6 |  7- 9 || total
-------------------------+-------+-------+-------++-------
Melee: Hand axe          |     9 |    18 |     8 ||    35
       Headbutt          |     3 |     3 |     3 ||     9
Invok: Berserk           |     1 |     3 |     2 ||     6
  Use: Scroll            |       |       |     1 ||     1
Armor: Leather armour    |       |       |     1 ||     1
Dodge: Dodged            |     3 |     4 |     7 ||    14

Table legend: (Time is in decaauts)
 A = Elapsed time spent in this place.
 B = Non-inter-level travel time spent in this place.
 C = Inter-level travel time spent in this place.
 D = Time resting spent in this place.
 E = Time spent auto-exploring this place.
 F = Levels seen in this place.
 G = Mean time per level.
                   A        B        C        D        E       F      G
               +--------+--------+--------+--------+--------+-----+--------+
         Total |    784 |    784 |      0 |    626 |      0 |   1 |  784.0 |
       Dungeon |    784 |    784 |      0 |    626 |      0 |   1 |  784.0 |
               +--------+--------+--------+--------+--------+-----+--------+

Top non-repeatable levels by time:
       D: 784 daAuts
